[Event "Titled Tuesday Blitz August 15 Early 2023"]
[White "Nithyalakshmi, Sivanesan"]
[Black "Pandey Srishti"]
[WhiteFideId "5706955"]
[BlackFideId "35093290"]
[WhiteElo "2342"]
[BlackElo "2464"]
[Result "0-1"]
[Round "10"]
[TimeControl "180+1"]
[Date "2023.08.15"]
[WhiteClock "0:00:22"]
[BlackClock "0:01:56"]
[Board "111"]

1. e4 e5 2. Nf3 Nc6 3. d4 exd4 4. Nxd4 Nf6 5. Nc3 Bb4 6. f3 O-O 7. Nxc6 bxc6 8. Bd3 d5 9. O-O Bxc3 10. bxc3 dxe4 11. fxe4 Bg4 12. Qe1 Re8 13. Qh4 Qd6 14. Bf4 Qc5+ 15. Kh1 Qh5 16. Qxh5 Bxh5 17. Bxc7 Nxe4 18. c4 Rac8 19. Bf4 Rcd8 20. h3 Bg6 21. Kh2 Nc5 22. Bxg6 hxg6 23. Rad1 Rxd1 24. Rxd1 Re2 25. Rd8+ Kh7 26. Rc8 Ne6 27. Bg3 Nd4 28. Rc7 f6 29. Bd6 Rxc2 30. Bf8 Ne6 31. Rc8 Rxc4 32. Bd6 Rc2 33. Rd8 Nxd8 0-1


[Site "https://www.chess.com"]

[Event "Titled Tuesday Blitz August 15 Early 2023"]
[White "Ziatdinov, Raset"]
[Black "Shuvalov, Evgenij"]
[WhiteFideId "2015323"]
[BlackFideId "4187237"]
[WhiteElo "2340"]
[BlackElo "2462"]
[Result "1-0"]
[Round "10"]
[TimeControl "180+1"]
[Date "2023.08.15"]
[WhiteClock "0:02:02"]
[BlackClock "0:01:16"]
[Board "112"]

1. e4 e6 2. d4 d5 3. Nc3 Bb4 4. exd5 exd5 5. Bd3 Nf6 6. Ne2 O-O 7. O-O c6 8. Bg5 Nbd7 9. Ng3 Re8 10. Nf5 h6 11. Bh4 Nf8 12. Qf3 Bxf5 13. Qxf5 Be7 14. Rfe1 Qd7 15. Re2 Qxf5 16. Bxf5 Ne4 17. Bxe7 Nxc3 18. bxc3 Ne6 19. Bxe6 Rxe7 20. Bg4 Rae8 21. Rae1 Rxe2 22. Rxe2 1-0


[Site "https://www.chess.com"]

[Event "Titled Tuesday Blitz August 15 Early 2023"]
[White "brm72"]
[Black "Saito, Vinicius"]
[BlackFideId "2113384"]
[WhiteElo "2460"]
[BlackElo "2337"]
[Result "0-1"]
[Round "10"]
[TimeControl "180+1"]
[Date "2023.08.15"]
[WhiteClock "0:02:01"]
[BlackClock "0:01:54"]
[Board "113"]

1. e4 c5 2. Nf3 Nc6 3. Bb5 g6 4. Bxc6 dxc6 5. d3 Bg7 6. Nc3 e5 7. Be3 Qe7 8. a4 Nf6 9. Qd2 O-O 10. a5 Ng4 11. Bg5 f6 12. Bh4 g5 13. Bg3 Nh6 14. h4 g4 15. Nh2 f5 16. exf5 Nxf5 17. O-O-O Bh6 18. f4 gxf3 19. Qxh6 Nxh6 20. Nxf3 Bg4 21. Rde1 Bxf3 22. Rxe5 Qg7 23. Rg5 Bxg2 24. Rh2 Bd5 25. Be5 Qxg5+ 26. hxg5 Ng4 0-1


[Site "https://www.chess.com"]

[Event "Titled Tuesday Blitz August 15 Early 2023"]
[White "Samaganova, Aleksandra"]
[Black "Ljukin, Sergei"]
[WhiteFideId "13800221"]
[BlackFideId "14102200"]
[WhiteElo "2327"]
[BlackElo "2449"]
[Result "0-1"]
[Round "10"]
[TimeControl "180+1"]
[Date "2023.08.15"]
[WhiteClock "0:00:13"]
[BlackClock "0:00:10"]
[Board "114"]

1. c4 c6 2. e4 d5 3. exd5 cxd5 4. d4 Nf6 5. Nc3 e6 6. Nf3 Bb4 7. Bg5 O-O 8. Bd3 dxc4 9. Bxc4 b6 10. O-O Bb7 11. Ne5 Nc6 12. Ng4 Be7 13. Be3 Nb4 14. Ne5 Nbd5 15. Qd2 Rc8 16. Bd3 Nxc3 17. bxc3 Ne4 18. Bxe4 Bxe4 19. f3 Bd5 20. a4 Bd6 21. Bf4 Qc7 22. Rfc1 f6 23. Nd3 Bc4 24. Bxd6 Qxd6 25. Nf2 Rc6 26. a5 b5 27. Ne4 Qd5 28. Qf4 a6 29. Nc5 e5 30. Qe4 exd4 31. cxd4 Rd8 32. Rd1 b4 33. Rac1 b3 34. Nb7 Qxe4 35. fxe4 Bb5 36. Rxc6 Bxc6 37. Nc5 b2 38. Rb1 Rb8 39. d5 Be8 40. Nd3 Bg6 41. Rxb2 Rxb2 42. Nxb2 Bxe4 43. d6 Kf7 44. Kf2 Ke6 45. g3 Kxd6 46. Ke3 Bc6 47. Kd4 Bb5 48. Nd1 f5 49. Ne3 g6 50. Nd5 Ke6 51. Nf4+ Kd6 52. Nd5 g5 53. Nb6 Bc6 54. Nc4+ Ke6 55. Ne3 f4 56. gxf4 gxf4 57. Ng4 f3 58. Nf2 Kf5 59. Ke3 Bb7 60. Nd1 Kg4 61. Nf2+ Kf5 62. Nd1 Ke5 63. Kd3 Kd6 64. Kc4 Ke5 65. Kd3 Be4+ 66. Ke3 Ba8 67. Kd3 Kd5 68. Ne3+ Kc5 69. Kc3 Kb5 70. Nc4 f2 71. Nd2 Bg2 72. Kd4 f1=Q 73. Nxf1 Bxf1 74. Ke3 Kxa5 75. Kf4 Bd3 76. h4 Kb4 77. Ke3 Bb1 78. Kd2 a5 79. Kc1 Bg6 80. Kb2 a4 81. h5 a3+ 82. Ka1 Bxh5 83. Ka2 Bg4 84. Ka1 h5 85. Ka2 h4 86. Ka1 h3 87. Ka2 h2 88. Ka1 h1=Q+ 89. Ka2 Be6# 0-1


[Site "https://www.chess.com"]

[Event "Titled Tuesday Blitz August 15 Early 2023"]
[White "bteillet"]
[Black "Rosenberg, Evan S"]
[BlackFideId "2019299"]
[WhiteElo "2270"]
[BlackElo "2445"]
[Result "1-0"]
[Round "10"]
[TimeControl "180+1"]
[Date "2023.08.15"]
[WhiteClock "0:00:31"]
[BlackClock "0:00:24"]
[Board "115"]

1. b4 e5 2. Bb2 Bxb4 3. Bxe5 Nf6 4. e3 Nc6 5. Bb2 O-O 6. Nf3 d5 7. Be2 Bf5 8. O-O h6 9. d4 Re8 10. Nbd2 a6 11. c4 Be4 12. cxd5 Bxd5 13. Qc2 Rc8 14. a3 Bd6 15. Bd3 Ne7 16. e4 Bc6 17. e5 Ng4 18. h3 Nd5 19. exd6 Ngf6 20. Bf5 Bd7 21. Bxd7 Qxd7 22. Ne5 Qxd6 23. Ndc4 Qd8 24. Qf5 Ne7 25. Qf3 c6 26. Rfd1 Ned5 27. Rab1 b5 28. Ne3 Nxe3 29. fxe3 Rc7 30. Rbc1 c5 31. Rxc5 Rxc5 32. dxc5 Qc7 33. Nd3 Ne4 34. Qg4 g6 35. Nf4 Rd8 36. Rf1 Qxc5 37. Bd4 Qg5 38. Qf3 Nd2 39. Qb7 Nxf1 40. Ne6 Qd5 41. Nxd8 Qxd8 42. Kxf1 a5 43. Qxb5 Qg5 44. Qxg5 hxg5 45. a4 f5 46. Bb6 Kf7 47. Bxa5 Ke6 48. Bb4 Kd5 49. a5 Kc6 50. Bd2 Kb7 51. Ke2 Ka8 52. Kd3 g4 53. hxg4 fxg4 54. Ke4 Ka7 55. Kf4 Ka6 56. Kxg4 g5 57. Kxg5 Ka7 58. Kf6 Ka6 59. e4 Ka7 60. e5 Ka8 61. e6 Ka7 62. e7 Ka8 63. e8=Q+ Ka7 64. Qe7+ Ka8 65. Qb4 Ka7 66. Ke6 Ka8 67. Kd7 Ka7 68. Kc7 Ka8 69. Qb7# 1-0


[Site "https://www.chess.com"]

[Event "Titled Tuesday Blitz August 15 Early 2023"]
[White "dr_tatiana"]
[Black "Zaichenko, Daria"]
[BlackFideId "4197453"]
[WhiteElo "2440"]
[BlackElo "2244"]
[Result "1-0"]
[Round "10"]
[TimeControl "180+1"]
[Date "2023.08.15"]
[WhiteClock "0:00:23"]
[BlackClock "0:00:47"]
[Board "116"]

1. e4 c5 2. Nc3 Nc6 3. d3 g6 4. g3 Bg7 5. Bg2 e6 6. f4 d5 7. e5 f6 8. Nf3 fxe5 9. fxe5 Nxe5 10. Nxe5 Bxe5 11. O-O Bg7 12. Bf4 Nf6 13. Qe2 O-O 14. Be5 d4 15. Nb5 Nd5 16. Bxg7 Kxg7 17. Qe5+ Nf6 18. Nd6 Qe7 19. Ne4 Bd7 20. Nxc5 Rac8 21. Ne4 Rxc2 22. Rxf6 Rxf6 23. Rf1 Bc6 24. Rxf6 Kg8 25. Rxe6 Qf7 26. Nf6+ Kf8 27. Bxc6 Rxc6 28. Re8+ Kg7 29. Ng4+ Rf6 30. Re7 1-0


[Site "https://www.chess.com"]

[Event "Titled Tuesday Blitz August 15 Early 2023"]
[White "Nikulina, Alena"]
[Black "Mrudul Dehankar"]
[WhiteFideId "4172051"]
[BlackFideId "25096990"]
[WhiteElo "2097"]
[BlackElo "2437"]
[Result "0-1"]
[Round "10"]
[TimeControl "180+1"]
[Date "2023.08.15"]
[WhiteClock "0:00:00"]
[BlackClock "0:00:03"]
[Board "117"]

1. e4 c6 2. Nc3 d5 3. Qe2 d4 4. Nd1 e5 5. g3 Nf6 6. Bg2 Na6 7. d3 Nc7 8. f4 exf4 9. gxf4 Ng4 10. Nf3 Bb4+ 11. c3 Bc5 12. h3 Nf6 13. cxd4 Bxd4 14. Nxd4 Qxd4 15. Be3 Qb4+ 16. Nc3 Ne6 17. O-O Qa5 18. f5 Nc7 19. d4 Bd7 20. e5 Nfd5 21. e6 fxe6 22. Qh5+ g6 23. fxg6 O-O-O 24. Nxd5 Nxd5 25. g7 Rhg8 26. Bh6 Qb6 27. Qe5 Rde8 28. Rf8 Qc7 29. Rxe8+ Rxe8 30. Rf1 Ne7 31. Rf8 Ng8 32. Qh5 Qd8 33. Qf7 Nxh6 34. Rxe8 Qxe8 35. Qf8 Ng8 36. Be4 Ne7 37. Bxh7 Kd8 38. g8=Q Nxg8 39. Qxg8 Qxg8+ 40. Bxg8 Ke7 41. Bh7 Kf6 42. Be4 Kg5 43. Kg2 Kf4 44. Bd3 Ke3 45. Bg6 Kxd4 46. h4 Ke5 47. h5 Kf6 48. Kf3 e5 49. Ke4 Be6 50. Be8 Bd5+ 51. Ke3 Kg5 52. a3 Kh6 53. b4 Kg5 54. a4 a6 55. b5 axb5 56. axb5 c5 57. b6 c4 58. Bd7 c3 59. Be8 c2 60. Kd2 Be4 61. Kc1 Bd3 62. Kd2 Bh7 63. Bc6 e4 64. Bxb7 Kf4 65. Bc6 e3+ 0-1


[Site "https://www.chess.com"]

[Event "Titled Tuesday Blitz August 15 Early 2023"]
[White "Seifert, Henryk"]
[Black "Gurevich, Dmitry"]
[WhiteFideId "1100963"]
[BlackFideId "2000407"]
[WhiteElo "2122"]
[BlackElo "2458"]
[Result "0-1"]
[Round "10"]
[TimeControl "180+1"]
[Date "2023.08.15"]
[WhiteClock "0:00:00"]
[BlackClock "0:00:09"]
[Board "118"]

1. e4 c5 2. Nf3 d6 3. d4 cxd4 4. Qxd4 a6 5. Bc4 e6 6. Nc3 Nf6 7. O-O Be7 8. Bg5 Qc7 9. Bb3 b6 10. Rad1 Nbd7 11. Rfe1 Ne5 12. Ba4+ b5 13. Bb3 Nxf3+ 14. gxf3 Bb7 15. Kh1 h6 16. Be3 O-O 17. Rg1 Kh8 18. Rg2 Rg8 19. Rdg1 Qc5 20. Qd2 Qh5 21. Rg3 Rac8 22. Ne2 Nxe4 23. fxe4 Bxe4+ 24. R3g2 d5 25. Ng3 Bxg2+ 26. Rxg2 Qh3 27. c3 Bf6 28. Bc2 Rc4 29. Qd3 g6 30. Qd2 Rh4 31. Bd3 Be5 32. Qe2 Bf6 33. Qf3 Bg7 34. Qe2 e5 0-1


[Site "https://www.chess.com"]

[Event "Titled Tuesday Blitz August 15 Early 2023"]
[White "Liu, Casper"]
[Black "Huynh, Lam Binh Nguyen"]
[WhiteFideId "1454153"]
[BlackFideId "12401633"]
[WhiteElo "2450"]
[BlackElo "2306"]
[Result "1-0"]
[Round "10"]
[TimeControl "180+1"]
[Date "2023.08.15"]
[WhiteClock "0:01:09"]
[BlackClock "0:00:04"]
[Board "119"]

1. e4 e6 2. d4 d5 3. Ne2 dxe4 4. Nbc3 Nf6 5. Bg5 Bd7 6. Nxe4 Bc6 7. Bxf6 gxf6 8. N2g3 Nd7 9. Qh5 Qe7 10. O-O-O O-O-O 11. Qa5 Kb8 12. Bb5 Bxe4 13. Nxe4 Nb6 14. Nc5 Rg8 15. Nxb7 Rd5 16. Nc5 Bh6+ 17. Kb1 Rxc5 18. dxc5 Qxc5 19. Rd3 Nc4 20. Qa6 Nd2+ 21. Ka1 Qb6 22. Rd1 Qxf2 23. Bc6 Qb6 24. Qxb6+ cxb6 25. R3xd2 Bxd2 26. Rxd2 Kc7 27. Bb5 a6 28. Bxa6 Kc6 29. b4 b5 30. a4 bxa4 31. c4 Kb6 32. Bb5 Rg4 33. Kb2 Re4 34. Ka3 Re1 35. Rd6+ Kc7 36. Rd7+ Kb6 37. Rxf7 e5 38. Rxf6+ Kc7 39. Kxa4 e4 40. c5 e3 41. Bd3 Rd1 42. Bc4 Rc1 43. Kb5 Kd7 44. Rf7+ Kd8 45. Rxh7 Rxc4 46. Rh8+ Kd7 47. Kxc4 e2 48. c6+ Kd6 49. Re8 e1=Q 50. Rxe1 1-0


[Site "https://www.chess.com"]

[Event "Titled Tuesday Blitz August 15 Early 2023"]
[White "Shapiro, Daniel"]
[Black "Begunov, Konstantin"]
[WhiteFideId "2001780"]
[BlackFideId "4118510"]
[WhiteElo "2300"]
[BlackElo "2413"]
[Result "1-0"]
[Round "10"]
[TimeControl "180+1"]
[Date "2023.08.15"]
[WhiteClock "0:00:12"]
[BlackClock "0:00:00"]
[Board "120"]

1. d4 d5 2. c4 c6 3. Nf3 Nf6 4. Qb3 e6 5. Nc3 Be7 6. Bg5 O-O 7. e3 a6 8. Rd1 Nbd7 9. Qc2 Re8 10. b3 b5 11. Bd3 bxc4 12. bxc4 dxc4 13. Bxc4 c5 14. O-O Bb7 15. Ne5 cxd4 16. Rxd4 Qc7 17. Nxd7 Nxd7 18. Bxe7 Rxe7 19. Rfd1 Rc8 20. Qd2 Nf8 21. f4 Qc6 22. Ne4 e5 23. fxe5 Rxe5 24. Nd6 Rc7 25. Rf1 Ree7 26. Bd5 Qb6 27. Bxb7 Rxb7 28. Nxb7 Qxb7 29. Rd8 Qb6 30. Qd4 Qc7 31. Rd1 g6 32. Qd6 Qa7 33. Qd4 Qc7 34. g3 h5 35. Ra8 Qb7 36. Qd8 1-0


[Site "https://www.chess.com"]

[Event "Titled Tuesday Blitz August 15 Early 2023"]
[White "Kielinkei"]
[Black "Wang, Alexander J"]
[BlackFideId "30955270"]
[WhiteElo "2411"]
[BlackElo "2296"]
[Result "1-0"]
[Round "10"]
[TimeControl "180+1"]
[Date "2023.08.15"]
[WhiteClock "0:00:05"]
[BlackClock "0:00:09"]
[Board "121"]

1. c4 Nf6 2. Nc3 d6 3. g3 g6 4. Bg2 Bg7 5. f4 O-O 6. Nf3 Nc6 7. O-O e5 8. d3 Re8 9. e3 e4 10. dxe4 Nxe4 11. Nxe4 Rxe4 12. Nd4 Rxd4 13. exd4 Nxd4 14. Bd2 Bf5 15. Rc1 c5 16. Bc3 Qb6 17. g4 Be6 18. b3 Re8 19. Kh1 Bd7 20. Bxd4 Bxd4 21. f5 Bc6 22. Qc2 Bxg2+ 23. Qxg2 Qc7 24. fxg6 hxg6 25. Rce1 Rxe1 26. Rxe1 Kg7 27. Qd5 Be5 28. g5 Qe7 29. Qg2 Qe6 30. Qf3 Qe7 31. Qg4 Qc7 32. h4 Qc6+ 33. Qg2 Qd7 34. Qf3 b5 35. h5 gxh5 36. Qxh5 Qf5 37. cxb5 Qf2 38. Rg1 Qf4 39. g6 Qe4+ 40. Rg2 fxg6 41. Qg4 Qe1+ 42. Rg1 Qd2 43. Qxg6+ Kf8 44. Rf1+ Ke7 45. Rf7+ Kd8 46. Qg8# 1-0


[Site "https://www.chess.com"]

[Event "Titled Tuesday Blitz August 15 Early 2023"]
[White "Blokhin, Sofia"]
[Black "Harriott, Tyrell"]
[WhiteFideId "4508190"]
[BlackFideId "2086484"]
[WhiteElo "2292"]
[BlackElo "2411"]
[Result "0-1"]
[Round "10"]
[TimeControl "180+1"]
[Date "2023.08.15"]
[WhiteClock "0:00:01"]
[BlackClock "0:01:00"]
[Board "122"]

1. d4 e6 2. c4 d5 3. Nc3 f5 4. g3 c6 5. Bg2 Bd6 6. cxd5 exd5 7. Nh3 Nf6 8. Nf4 O-O 9. O-O Qe8 10. f3 Nbd7 11. Nd3 Bc7 12. Re1 Bb6 13. e3 Nh5 14. Kh1 Qg6 15. Ne2 Ndf6 16. Nef4 Qh6 17. Kg1 Bd7 18. Ne5 Rae8 19. Nfd3 Bc8 20. e4 Bxd4+ 21. Kf1 Nxg3+ 22. hxg3 Qh2 23. Be3 Bxe3 24. Rxe3 fxe4 25. Re2 exd3 26. Nxd3 Ne4 27. Rxe4 dxe4 28. Nf4 g5 29. Qb3+ Rf7 30. Ne2 exf3 31. Bxf3 Be6 32. Qe3 Rxf3+ 33. Qxf3 Rf8 34. Nf4 gxf4 35. Ke1 fxg3 0-1


[Site "https://www.chess.com"]

[Event "Titled Tuesday Blitz August 15 Early 2023"]
[White "Llanos, Guillermo"]
[Black "Goswami, Vedant"]
[WhiteFideId "100358"]
[BlackFideId "5003725"]
[WhiteElo "2409"]
[BlackElo "2321"]
[Result "0-1"]
[Round "10"]
[TimeControl "180+1"]
[Date "2023.08.15"]
[WhiteClock "0:00:12"]
[BlackClock "0:00:17"]
[Board "123"]

1. b3 e5 2. Bb2 d6 3. Nf3 Nc6 4. d4 e4 5. Nfd2 e3 6. fxe3 Qh4+ 7. g3 Qg5 8. e4 Nf6 9. Bg2 h5 10. Nf3 Qe3 11. Bc1 Qxe4 12. Nc3 Qe7 13. Bg5 Qd8 14. d5 Nb8 15. Qd2 Be7 16. O-O-O Nbd7 17. Bh3 Nc5 18. Bxc8 Qxc8 19. Nd4 Nfe4 20. Nxe4 Nxe4 21. Qd3 Bxg5+ 22. Kb1 Nf2 23. Qf3 Nxd1 24. Rxd1 Bf6 25. Nf5 Qd7 26. e4 O-O-O 27. Re1 Rde8 28. a4 g6 29. Ne3 Qe7 30. Nc4 Bg7 31. Rf1 Qxe4 32. Qxf7 Qd4 33. Ka2 Re2 34. Qxg6 Qc3 35. Rc1 a6 36. a5 Rhe8 37. h4 Re1 38. Rxe1 Rxe1 39. Qf5+ Kb8 0-1


[Site "https://www.chess.com"]

[Event "Titled Tuesday Blitz August 15 Early 2023"]
[White "Barwinska, Ewa"]
[Black "Korpics, Zsolt"]
[WhiteFideId "21833761"]
[BlackFideId "705241"]
[WhiteElo "2289"]
[BlackElo "2375"]
[Result "1/2-1/2"]
[Round "10"]
[TimeControl "180+1"]
[Date "2023.08.15"]
[WhiteClock "0:00:06"]
[BlackClock "0:01:17"]
[Board "124"]

1. e4 c5 2. Nf3 e6 3. d4 cxd4 4. Nxd4 Nc6 5. Nc3 Qc7 6. Be3 a6 7. Be2 Nf6 8. O-O Bb4 9. Na4 O-O 10. Nxc6 bxc6 11. Nb6 Rb8 12. Nxc8 Rfxc8 13. h3 a5 14. c3 Be7 15. Ba6 Rd8 16. Qf3 Rxb2 17. Rfb1 Qb8 18. Bd3 d5 19. e5 Rxb1+ 20. Rxb1 Qxe5 21. Bf4 Qh5 22. g4 Qh4 23. Bg3 Qxh3 24. g5 Nd7 25. Bf1 Qf5 26. Qxf5 exf5 27. Bd3 g6 28. f4 Nc5 29. Bc2 Bd6 30. Kg2 Re8 31. Kf3 Ne4 32. Bxe4 fxe4+ 33. Ke2 Rb8 34. Rxb8+ Bxb8 35. Ke3 Ba7+ 36. Ke2 Kf8 37. Be1 Ke7 38. c4 Bb6 39. c5 Bc7 40. Bxa5 Bxa5 41. Ke3 Ke6 42. Kd4 Kf5 43. a4 Kxf4 1/2-1/2


[Site "https://www.chess.com"]

[Event "Titled Tuesday Blitz August 15 Early 2023"]
[White "Topalov, Aleksandar"]
[Black "agvania123"]
[WhiteFideId "925659"]
[WhiteElo "2359"]
[BlackElo "2263"]
[Result "1-0"]
[Round "10"]
[TimeControl "180+1"]
[Date "2023.08.15"]
[WhiteClock "0:00:17"]
[BlackClock "0:00:18"]
[Board "125"]

1. b3 c5 2. Bb2 Nc6 3. c4 e5 4. e3 d6 5. d3 g6 6. Nf3 Bg7 7. g3 Nge7 8. Nbd2 O-O 9. a3 a6 10. Qc2 Rb8 11. Bg2 Be6 12. O-O h6 13. Rfe1 f5 14. Bc3 d5 15. cxd5 Nxd5 16. Bb2 b6 17. b4 Rc8 18. bxc5 Na5 19. d4 e4 20. Ne5 Bxe5 21. dxe5 Rxc5 22. Qd1 Qc7 23. Bd4 Rc6 24. g4 Rd8 25. gxf5 gxf5 26. Qh5 Kh7 27. Kh1 Rg8 28. Rg1 Rc2 29. Bh3 Qc8 30. Rxg8 Qxg8 31. Bxf5+ Bxf5 32. Qxf5+ Qg6 33. Qd7+ Qg7 34. Qxd5 Rxd2 35. Rg1 Qb7 36. Qe6 Rxf2 37. Qg6+ Kh8 38. Qg8# 1-0


[Site "https://www.chess.com"]

[Event "Titled Tuesday Blitz August 15 Early 2023"]
[White "Fernandez Hernandez, Gerardo"]
[Black "arturdailima"]
[WhiteFideId "2207400"]
[WhiteElo "2244"]
[BlackElo "2349"]
[Result "1-0"]
[Round "10"]
[TimeControl "180+1"]
[Date "2023.08.15"]
[WhiteClock "0:01:55"]
[BlackClock "0:01:49"]
[Board "126"]

1. e4 c5 2. Nc3 b6 3. g3 Bb7 4. Bg2 Nc6 5. d3 e6 6. f4 Nge7 7. Nf3 d6 8. O-O Qd7 9. a3 a6 10. Nh4 b5 11. f5 e5 12. f6 Ng6 13. Nf5 gxf6 14. Nd5 Qe6 15. Nc7+ 1-0


[Site "https://www.chess.com"]

[Event "Titled Tuesday Blitz August 15 Early 2023"]
[White "Okike, David"]
[Black "Thiel, Thomas"]
[WhiteFideId "8500134"]
[BlackFideId "4615964"]
[WhiteElo "2345"]
[BlackElo "2238"]
[Result "1/2-1/2"]
[Round "10"]
[TimeControl "180+1"]
[Date "2023.08.15"]
[WhiteClock "0:00:15"]
[BlackClock "0:00:17"]
[Board "127"]

1. e4 d5 2. exd5 Nf6 3. d4 Nxd5 4. h3 g6 5. Nf3 Bg7 6. Bc4 O-O 7. O-O Nc6 8. c3 e5 9. Bb5 exd4 10. Bxc6 bxc6 11. Nxd4 Bb7 12. Na3 c5 13. Nf3 Nb6 14. Bf4 Qxd1 15. Rfxd1 Na4 16. Nc4 Ba6 17. Nfd2 Nb6 18. Ne3 Rac8 19. Rac1 h6 20. Ne4 Na4 21. b3 Nb2 22. Rd7 Nd3 23. Rxd3 Bxd3 24. Nxc5 Bf5 25. Nxf5 gxf5 26. c4 c6 27. Be3 Rcd8 28. g3 Kh7 29. Kf1 Bd4 30. Bxd4 Rxd4 31. Rc2 Re8 32. Kg2 f4 33. g4 Kg6 34. Kf3 f5 35. b4 fxg4+ 36. hxg4 Kg5 37. a4 Re1 38. Rc3 h5 39. gxh5 Kxh5 40. b5 cxb5 41. axb5 Ra1 42. Nd3 Kg5 43. Nc5 Kf5 44. Ke2 Ra2+ 45. Kf3 Rb2 46. Nd3 Ra2 47. Nc5 Rb2 48. Nd3 Ra2 49. Nc5 1/2-1/2


[Site "https://www.chess.com"]

[Event "Titled Tuesday Blitz August 15 Early 2023"]
[White "Afanasieva, Alexandra"]
[Black "le-castor-faineant"]
[WhiteFideId "34126926"]
[WhiteElo "2326"]
[BlackElo "2198"]
[Result "0-1"]
[Round "10"]
[TimeControl "180+1"]
[Date "2023.08.15"]
[WhiteClock "0:02:24"]
[BlackClock "0:01:29"]
[Board "128"]

1. e4 e5 2. Nf3 Nf6 3. Nxe5 d6 4. Nf3 Nxe4 5. Nc3 Nxc3 6. dxc3 Be7 7. Bf4 O-O 8. Qd2 Be6 9. h3 a5 10. a3 Na6 11. O-O-O Nc5 12. g4 b5 13. Bg2 b4 14. cxb4 axb4 15. Qxb4 Rb8 16. Qd2 Bf6 17. Nd4 Qd7 18. Bc6 Bxd4 19. Bxd7 Bxb2+ 20. Kb1 Bxa3+ 21. Ka1 Bb2+ 22. Kb1 Bc3+ 0-1


[Site "https://www.chess.com"]

[Event "Titled Tuesday Blitz August 15 Early 2023"]
[White "Kiselev, Pavel"]
[Black "Vila Dupla, Aurelio"]
[WhiteFideId "4191102"]
[BlackFideId "2203383"]
[WhiteElo "2325"]
[BlackElo "2129"]
[Result "1-0"]
[Round "10"]
[TimeControl "180+1"]
[Date "2023.08.15"]
[WhiteClock "0:00:31"]
[BlackClock "0:00:00"]
[Board "129"]

1. e4 c5 2. c3 d5 3. exd5 Qxd5 4. d4 Nf6 5. Nf3 Bg4 6. Be2 e6 7. Be3 cxd4 8. cxd4 Bb4+ 9. Nc3 O-O 10. O-O Bxc3 11. bxc3 Qa5 12. Qb3 b6 13. h3 Bf5 14. Ne5 Be4 15. a3 Nd5 16. Bd2 Nf6 17. Rfd1 Nc6 18. Nxc6 Bxc6 19. c4 Qa4 20. Qb4 Rfd8 21. Be3 Rd7 22. d5 exd5 23. Bg5 Ne4 24. cxd5 Qxb4 25. axb4 Rxd5 26. Be3 Nc3 27. Rxd5 Nxe2+ 28. Kf1 Bxd5 29. Kxe2 Bxg2 30. h4 Bc6 31. Rg1 g6 32. h5 Kg7 33. h6+ Kf8 34. Rg5 a5 35. Bxb6 axb4 36. Bc5+ Kg8 37. Bxb4 Re8+ 38. Kd2 Be4 39. Rc5 Bf5 40. Rc7 Be6 41. f4 Rd8+ 42. Ke3 Re8 43. Kd4 Rd8+ 44. Ke5 Re8 45. Kf6 Bb3 46. Rb7 Re6+ 47. Kg5 Re8 48. Bd6 Bd5 49. Rd7 Be6 50. Rc7 Rd8 51. Be7 Re8 52. Kf6 Bb3 53. f5 gxf5 54. Rc3 Be6 55. Rg3+ Kh8 56. Bc5 f4 57. Rg1 Rd8 58. Ke7 Rc8 59. Bd4+ 1-0


[Site "https://www.chess.com"]

[Event "Titled Tuesday Blitz August 15 Early 2023"]
[White "Smietanska, Wiktoria"]
[Black "Nugumanov, Bakhtiyar"]
[WhiteFideId "21869359"]
[BlackFideId "13701797"]
[WhiteElo "2290"]
[BlackElo "2113"]
[Result "1-0"]
[Round "10"]
[TimeControl "180+1"]
[Date "2023.08.15"]
[WhiteClock "0:00:05"]
[BlackClock "0:00:00"]
[Board "130"]

1. c4 Nf6 2. Nc3 g6 3. g3 Bg7 4. Bg2 O-O 5. e4 d6 6. Nge2 e5 7. O-O Nc6 8. d3 Nh5 9. f4 f5 10. Nd5 Be6 11. fxe5 dxe5 12. Nec3 Nf6 13. Bg5 Nd4 14. Qd2 c6 15. Nxf6+ Bxf6 16. Bh6 Rf7 17. exf5 gxf5 18. Rae1 Qd7 19. Bg5 Bg7 20. Ne2 Nxe2+ 21. Qxe2 Re8 22. Bf3 h6 23. Be3 Rff8 24. Bh5 Bf7 25. Bf3 b6 26. Qg2 Re6 27. Bd2 Bg6 28. h4 Bh7 29. Bb4 Rd8 30. a4 a5 31. Bc3 Qc7 32. Qc2 e4 33. dxe4 Qxg3+ 34. Bg2 fxe4 35. Bxg7 Qxg7 36. Re3 Kh8 37. Qf2 Rg8 38. Kh1 Qe5 39. Qd2 Reg6 40. Rxe4 Qg3 41. Re2 Qxh4+ 42. Kg1 Qd8 43. Qc3+ R8g7 44. Ref2 1-0


[Site "https://www.chess.com"]

[Event "Titled Tuesday Blitz August 15 Early 2023"]
[White "Rodriguez Santiago, Jaime"]
[Black "Petre, Nad-Titus"]
[WhiteFideId "3100898"]
[BlackFideId "1204165"]
[WhiteElo "2275"]
[BlackElo "2578"]
[Result "0-1"]
[Round "10"]
[TimeControl "180+1"]
[Date "2023.08.15"]
[WhiteClock "0:00:27"]
[BlackClock "0:00:51"]
[Board "131"]

1. d4 Nf6 2. c4 d6 3. Nc3 e5 4. d5 Bf5 5. Bg5 Be7 6. e3 O-O 7. f3 Nxd5 8. Qxd5 Bxg5 9. Qxb7 Nd7 10. Nd5 Rb8 11. Qxc7 Rxb2 12. Qxd8 Bxd8 13. e4 Ba5+ 14. Kd1 Be6 15. Ne2 Bxd5 16. exd5 Nc5 17. Ng3 f5 18. Kc1 Rf2 19. Be2 f4 0-1


[Site "https://www.chess.com"]

[Event "Titled Tuesday Blitz August 15 Early 2023"]
[White "Arutla, Aditya"]
[Black "Juicy_Fork"]
[WhiteFideId "30961998"]
[WhiteElo "2487"]
[BlackElo "2262"]
[Result "1-0"]
[Round "10"]
[TimeControl "180+1"]
[Date "2023.08.15"]
[WhiteClock "0:01:01"]
[BlackClock "0:00:00"]
[Board "132"]

1. d4 Nf6 2. Bf4 g6 3. e3 Bg7 4. Nf3 O-O 5. Nbd2 Nh5 6. Be5 f6 7. Bg3 d5 8. c4 c6 9. Be2 Nd7 10. Qc2 Nb6 11. O-O-O Bf5 12. Qb3 a5 13. c5 Nd7 14. Nh4 Be6 15. Bxh5 gxh5 16. Qxb7 a4 17. Qxc6 a3 18. Qxe6+ Kh8 19. b3 Qa5 20. Nb1 Nxc5 21. dxc5 Rfc8 22. Rd2 Qxc5+ 23. Kd1 Qc1+ 24. Ke2 Qxh1 25. Nf5 Qxb1 26. Nxg7 Kxg7 27. Qxe7+ Kg6 28. Qd7 Rc2 29. Qxd5 Rxd2+ 30. Qxd2 Rc8 31. Qd3+ Qxd3+ 32. Kxd3 Rc1 33. b4 Ra1 34. Kc3 Rxa2 35. Kb3 Ra1 36. h4 Kf5 37. b5 Ke6 38. b6 Rb1+ 39. Kxa3 Rxb6 40. Ka2 Kd5 41. Ka3 Kc4 42. Ka2 Kd3 43. Bc7 Rb7 44. Bd8 f5 45. Bg5 Ke2 46. f3 Kf2 47. e4 fxe4 48. fxe4 Kxg2 49. e5 Rb6 50. Ka3 Kf3 51. Ka4 Ke4 52. Ka5 Re6 53. Bf6 Kf5 54. Kb5 1-0


[Site "https://www.chess.com"]

[Event "Titled Tuesday Blitz August 15 Early 2023"]
[White "Fajdetic, Hrvoje"]
[Black "Seletsky, Grigory"]
[WhiteFideId "14501945"]
[BlackFideId "14112191"]
[WhiteElo "2255"]
[BlackElo "2481"]
[Result "0-1"]
[Round "10"]
[TimeControl "180+1"]
[Date "2023.08.15"]
[WhiteClock "0:00:00"]
[BlackClock "0:01:35"]
[Board "133"]

1. f4 d5 2. b3 g6 3. Bb2 Nf6 4. Nf3 Bg7 5. e3 O-O 6. Be2 c5 7. O-O Nc6 8. d3 Ng4 9. Bxg7 Kxg7 10. Qd2 d4 11. e4 Ne3 12. Re1 Bg4 13. c3 Bxf3 14. Bxf3 e5 15. fxe5 Nxe5 16. Na3 Qd6 17. Rac1 b6 18. cxd4 cxd4 19. Nb5 Qd7 20. a4 Rac8 21. Be2 a6 22. Na3 Rxc1 23. Rxc1 Rc8 24. Rxc8 Qxc8 25. h3 Qc3 26. Qxc3 dxc3 27. d4 Nc6 28. d5 Nd4 29. Bxa6 c2 30. Nxc2 Nexc2 31. d6 Kf8 32. Kf2 Nxb3 0-1


[Site "https://www.chess.com"]